[Event "European Womens-ch 2025"]
[Site "Rhodes"]
[Date "2025.04.07"]
[Round "7.1"]
[White "Kirtadze, Anastasia"]
[Black "Milliet, Sophie"]
[Result "1/2-1/2"]
[Annotator "RC"]
[ECO "C78"]
[WhiteElo "2180"]
[BlackElo "2371"]
[PlyCount "88"]
[EventDate "2025.03.29"]
[EventType "swiss"]
[EventCountry "GRE"]
[SourceTitle "playchess.com"]
[Source "ChessBase"]
[SourceQuality "1"]
[TimeControl "40/5400+30:1800+30"]

1. e4 e5 2. Nf3 Nc6 3. Bb5 a6 4. Ba4 Nf6 5. O-O Bc5 6. c3 b5 7. Bb3 d6 8. d4 Bb6 9. h3 O-O 10. Be3 h6 11. a4 Rb8 12. Nbd2 Re8 13. Re1 Bb7 14. dxe5 Bxe3 15. exf6 Bxd2 16. Qxd2 Qxf6 17. axb5 axb5 18. Bd5 Ne5 19. Nxe5 Qxe5 20. f4 Qf6 21. Ra7 Bxd5 22. exd5 Re7 23. Rxe7 Qxe7 24. Kh2 h5 25. Ra1 Re8 26. Qd3 Qe2 27. Qxe2 Rxe2 28. Ra8+ Kh7 29. Ra7 Rxb2 30. Rxc7 Rd2 31. Rxf7 Rxd5 32. Rc7 h4 33. c4 bxc4 34. Rxc4 Kg6 35. f5+ Kxf5 36. Rxh4 Rd3 37. Rg4 g6 38. Kg1 Rd2 39. Kf1 d5 40. Ke1 Ra2 41. Kf1 Rc2 42. Rd4 Ke5 43. Rg4 Kf5 44. Rd4 Ke5 1/2-1/2

[Event "European Womens-ch 2025"]
[Site "Rhodes"]
[Date "2025.04.07"]
[Round "7.2"]
[White "Injac, Teodora"]
[Black "Narva, Mai"]
[Result "1-0"]
[Annotator "RC"]
[ECO "A61"]
[WhiteElo "2454"]
[BlackElo "2380"]
[PlyCount "75"]
[EventDate "2025.03.29"]
[EventType "swiss"]
[EventCountry "GRE"]
[SourceTitle "playchess.com"]
[Source "ChessBase"]
[SourceQuality "1"]
[TimeControl "40/5400+30:1800+30"]

1. d4 Nf6 2. Nf3 g6 3. c4 Bg7 4. Nc3 O-O 5. Bg5 c5 6. d5 h6 7. Bh4 d6 8. e3 e6 9. Nd2 exd5 10. cxd5 a6 11. a4 Nbd7 12. Be2 Re8 13. O-O Qc7 14. h3 Rb8 15. Bg3 Nh7 16. Rc1 Bxc3 17. Rxc3 Nhf6 18. b4 b5 19. axb5 axb5 20. bxc5 Nxc5 21. Rc1 Bd7 22. Nb3 Nfe4 23. Bf4 g5 24. Bh2 Qb6 25. Nxc5 Nxc5 26. Bh5 Re7 27. Qd4 Ne4 28. Qb4 Rd8 29. Rfe1 Ree8 30. Qb2 Rc8 31. Bf3 Bf5 32. Bxe4 Bxe4 33. Qf6 b4 34. Be5 dxe5 35. Qxb6 Rb8 36. Qxh6 b3 37. Qxg5+ Kf8 38. Qf6 1-0

[Event "European Womens-ch 2025"]
[Site "Rhodes"]
[Date "2025.04.07"]
[Round "7.3"]
[White "Khotenashvili, Bella"]
[Black "Danielian, Elina"]
[Result "1/2-1/2"]
[Annotator "RC"]
[ECO "A29"]
[WhiteElo "2418"]
[BlackElo "2398"]
[PlyCount "73"]
[EventDate "2025.03.29"]
[EventType "swiss"]
[EventCountry "GRE"]
[SourceTitle "playchess.com"]
[Source "ChessBase"]
[SourceQuality "1"]
[TimeControl "40/5400+30:1800+30"]

1. c4 e5 2. Nc3 Nf6 3. Nf3 Nc6 4. g3 Bb4 5. Nd5 e4 6. Nh4 d6 7. a3 Bc5 8. e3 a5 9. Qc2 g5 10. b4 axb4 11. Bb2 Ne5 12. axb4 Rxa1+ 13. Bxa1 gxh4 14. bxc5 Bg4 15. Bxe5 dxe5 16. Bg2 Nxd5 17. cxd5 Qxd5 18. Bxe4 Qe6 19. gxh4 c6 20. Rg1 f5 21. Bd3 e4 22. Be2 Bxe2 23. Kxe2 Rg8 24. Rg3 Kf7 25. Qc3 Rg6 26. Qb4 Qd7 27. Qb3+ Kf6 28. Qc3+ Kf7 29. h5 Rxg3 30. hxg3 Qd5 31. Ke1 Qa2 32. Kf1 Qb1+ 33. Kg2 Qd1 34. Qc4+ Ke7 35. Qb4 Qf3+ 36. Kg1 Qd1+ 37. Kg2 1/2-1/2

[Event "European Womens-ch 2025"]
[Site "Rhodes"]
[Date "2025.04.07"]
[Round "7.4"]
[White "Beydullayeva, Govhar"]
[Black "Mkrtchian, Lilit"]
[Result "0-1"]
[Annotator "RC"]
[ECO "A17"]
[WhiteElo "2400"]
[BlackElo "2388"]
[PlyCount "70"]
[EventDate "2025.03.29"]
[EventType "swiss"]
[EventCountry "GRE"]
[SourceTitle "playchess.com"]
[Source "ChessBase"]
[SourceQuality "1"]
[TimeControl "40/5400+30:1800+30"]

1. Nf3 d5 2. c4 e6 3. e3 Nf6 4. Nc3 a6 5. b3 b6 6. cxd5 exd5 7. g3 Bb7 8. Bg2 Bd6 9. Bb2 O-O 10. O-O Re8 11. Rc1 Nbd7 12. d3 Rc8 13. Re1 b5 14. d4 Ne4 15. Ne2 Qe7 16. Rc2 a5 17. Nf4 c6 18. Nd3 f6 19. Nh4 g6 20. Qg4 Qg7 21. Qd1 Ra8 22. Nc5 Nexc5 23. dxc5 Bxc5 24. e4 Bb4 25. Re3 dxe4 26. Bxe4 Nc5 27. Bg2 Rxe3 28. fxe3 Qe7 29. Qf3 Nd3 30. Bxf6 Qe6 31. Bd4 Ne1 32. Qxc6 Bxc6 33. Rxc6 Qf7 34. Bf1 Rf8 35. Rf6 Qxf6 0-1

[Event "European Womens-ch 2025"]
[Site "Rhodes"]
[Date "2025.04.07"]
[Round "7.5"]
[White "Bulmaga, Irina"]
[Black "Maltsevskaya, Aleksandra"]
[Result "1-0"]
[Annotator "RC"]
[ECO "B50"]
[WhiteElo "2362"]
[BlackElo "2376"]
[PlyCount "103"]
[EventDate "2025.03.29"]
[EventType "swiss"]
[EventCountry "GRE"]
[SourceTitle "playchess.com"]
[Source "ChessBase"]
[SourceQuality "1"]
[TimeControl "40/5400+30:1800+30"]

1. e4 c5 2. Nf3 d6 3. c3 Nf6 4. h3 Nc6 5. Bd3 e5 6. Bc2 Be7 7. d4 cxd4 8. cxd4 O-O 9. Nc3 exd4 10. Nxd4 d5 11. Nxc6 bxc6 12. exd5 Nxd5 13. Nxd5 Qxd5 14. Qxd5 cxd5 15. O-O Bf6 16. Rd1 Be6 17. Rb1 a5 18. g4 g6 19. Ba4 d4 20. b3 h5 21. f3 Rac8 22. Bd2 Rc2 23. Bxa5 Bg5 24. b4 Rxa2 25. Ra1 Be3+ 26. Kh1 hxg4 27. Rxa2 Bxa2 28. hxg4 Bd5 29. Kg2 f5 30. g5 Ra8 31. Bb5 Kf7 32. Rh1 Bxg5 33. Rh7+ Kf6 34. Kg3 Be3 35. f4 Bf7 36. Bc6 Ra6 37. Bd8+ Ke6 38. Bb5 Ra8 39. Bc7 Kf6 40. Be5+ Ke7 41. Bc4 Rf8 42. Kf3 Bg1 43. Ke2 Ke8 44. Bb5+ Ke7 45. Ba4 d3+ 46. Kxd3 Rd8+ 47. Ke2 Bd4 48. Bb3 Bxe5 49. fxe5 Rd4 50. Rxf7+ Ke8 51. e6 Re4+ 52. Kd3 1-0

[Event "European Womens-ch 2025"]
[Site "Rhodes"]
[Date "2025.04.07"]
[Round "7.6"]
[White "Urh, Zala"]
[Black "Javakhishvili, Lela"]
[Result "0-1"]
[Annotator "RC"]
[ECO "E48"]
[WhiteElo "2244"]
[BlackElo "2429"]
[PlyCount "92"]
[EventDate "2025.03.29"]
[EventType "swiss"]
[EventCountry "GRE"]
[SourceTitle "playchess.com"]
[Source "ChessBase"]
[SourceQuality "1"]
[TimeControl "40/5400+30:1800+30"]

1. d4 Nf6 2. c4 e6 3. Nc3 Bb4 4. e3 O-O 5. Bd3 d5 6. a3 Be7 7. cxd5 exd5 8. Nge2 b6 9. b4 c6 10. O-O Re8 11. Kh1 Bd6 12. f3 a5 13. b5 c5 14. Qe1 Nbd7 15. g4 Bb7 16. Qf2 Nf8 17. Ng3 Ne6 18. Nce2 a4 19. Bd2 g6 20. h3 Qe7 21. Rae1 cxd4 22. exd4 Bxa3 23. g5 Nd7 24. f4 Bb4 25. Bxb4 Qxb4 26. h4 f5 27. gxf6 Nxf6 28. f5 Ne4 29. Bxe4 dxe4 30. Qe3 Nf8 31. f6 Bd5 32. Qh6 Ra7 33. Nf4 Qd6 34. Nf5 e3+ 35. Kh2 gxf5 36. Rg1+ Ng6 37. Kh3 Qxf6 38. Nxd5 Qxd4 39. h5 Qh4+ 40. Kg2 Rg7 41. Nxe3 Nf4+ 42. Kf3 Qh3+ 43. Kf2 Nd3+ 44. Ke2 Qxe3+ 45. Qxe3 Rxe3+ 46. Kxe3 Nxe1 0-1

[Event "European Womens-ch 2025"]
[Site "Rhodes"]
[Date "2025.04.07"]
[Round "7.7"]
[White "Batsiashvili, Nino"]
[Black "Toncheva, Nadya"]
[Result "1-0"]
[Annotator "TA"]
[ECO "D10"]
[WhiteElo "2473"]
[BlackElo "2329"]
[PlyCount "55"]
[EventDate "2025.03.29"]
[EventType "swiss"]
[EventCountry "GRE"]
[SourceTitle "playchess.com"]
[Source "ChessBase"]
[SourceQuality "1"]
[TimeControl "40/5400+30:1800+30"]

1. d4 d5 2. c4 c6 3. cxd5 cxd5 4. Bf4 Nc6 5. e3 e6 6. Nc3 Nf6 7. Bd3 Bd6 8. Bxd6 Qxd6 9. f4 O-O {[%emt 0:07:30] The main line 9...0-0 scores better than 9...Bd7.} 10. Nf3 b6 {[%emt 0:01:13] D10: Slav Defence: 3 cxd5 (without early Nf3) and 3 Nc3.} 11. O-O Bb7 12. Ne5 Nb4 {[%emt 0:04:32] The position is equal.} 13. Rc1 $146 (13. Bb1 Ne4 14. Bxe4 dxe4 15. a3 Na6 16. Rc1 f6 17. Nc4 Qe7 18. Nd2 e5 19. fxe5 fxe5 20. Rxf8+ Rxf8 21. Ndxe4 exd4 22. Qxd4 {1-0 Lenderman,A (2591)-Chiku Ratte,O (2358) Dulles Cherry Blossom op 2022 (6)}) 13... Nxd3 14. Qxd3 Qb4 15. Rf2 Ne4 ({Black should play} 15... Rfc8 $15) 16. Rfc2 Rac8 (16... Nd6 $11) 17. a3 Qe7 18. Nxe4 dxe4 19. Qb5 Rxc2 20. Rxc2 g6 {[%emt 0:07:22] [#]} (20... Rc8 $14 21. Rxc8+ Bxc8) 21. Qd7 $1 $16 {[%emt 0:08:25] White is much more active. Black is weak on the dark squares} Qh4 {[%emt 0:12:17] Loses the game.} (21... Qxd7 $16 {is a better defense.} 22. Nxd7 Rc8 23. Rxc8+ Bxc8 24. Nf6+ Kf8 25. Nxe4 (25. Nxh7+ Kg7 $16) 25... Ke7) 22. Rc1 $18 (22. Qxb7 $2 Qe1#) 22... Bd5 23. Qxa7 Kg7 24. Qc7 {[%emt 0:05:22][%cal Oe5d7] Nd7! would now be deadly.} ({Not} 24. Qxb6 Rc8 25. Rf1 (25. Rxc8 $2 Qe1#) 25... Qe7 $16) 24... b5 $2 (24... Qd8 25. Qxd8 Rxd8) 25. Nd7 {[%emt 0:01:36] White is clearly winning.} Rd8 26. g3 Qe7 27. Qe5+ f6 {[%emt 0:01:39] [#]} 28. Nxf6 $1 {[%emt 0:00:06][%mdl 512] Weighted Error Value: White=0.16 (very precise) /Black=0.89  Loses game:     	---       	Black=1      Mistake:       	---       	Black=4      Inaccurate:     	White=3     	---        OK:         	White=4     	Black=4      Best:        	White=1     	---        Strong:       	White=1     	---} 1-0

[Event "European Womens-ch 2025"]
[Site "Rhodes"]
[Date "2025.04.07"]
[Round "7.8"]
[White "Arabidze, Meri"]
[Black "Zimina, Olga"]
[Result "1-0"]
[Annotator "RC"]
[ECO "E20"]
[WhiteElo "2447"]
[BlackElo "2293"]
[PlyCount "93"]
[EventDate "2025.03.29"]
[EventType "swiss"]
[EventCountry "GRE"]
[SourceTitle "playchess.com"]
[Source "ChessBase"]
[SourceQuality "1"]
[TimeControl "40/5400+30:1800+30"]

1. c4 e6 2. d4 Nf6 3. Nc3 Bb4 4. g3 c5 5. Nf3 O-O 6. Bg2 d5 7. dxc5 dxc4 8. O-O Nc6 9. Qc2 Qa5 10. Na4 b5 11. a3 Bb7 12. Be3 bxa4 13. axb4 Nxb4 14. Qxa4 Qxa4 15. Rxa4 Nbd5 16. Bd4 Bc6 17. Ra5 Nd7 18. Ne5 Nxe5 19. Bxe5 a6 20. Bd6 Rfd8 21. Rc1 Bb5 22. h4 Rac8 23. h5 h6 24. Bf3 Rd7 25. Kg2 Ne7 26. e4 Nc6 27. Ra3 Nb4 28. Be2 Nd3 29. Bxd3 cxd3 30. e5 f6 31. f4 fxe5 32. fxe5 Rf7 33. Rd1 Rf5 34. Raxd3 Bxd3 35. Rxd3 Rxh5 36. Ra3 Rc6 37. Rb3 Rf5 38. Rb6 Rc8 39. Rxa6 Rf7 40. c6 g5 41. b4 g4 42. b5 Rf3 43. Ra3 Rxa3 44. Bxa3 Kf7 45. Bd6 Kg6 46. c7 Kf5 47. b6 1-0

[Event "European Womens-ch 2025"]
[Site "Rhodes"]
[Date "2025.04.07"]
[Round "7.9"]
[White "Kochavi, Dana"]
[Black "Tsolakidou, Stavroula"]
[Result "0-1"]
[Annotator "RC"]
[ECO "B92"]
[WhiteElo "2301"]
[BlackElo "2445"]
[PlyCount "106"]
[EventDate "2025.03.29"]
[EventType "swiss"]
[EventCountry "GRE"]
[SourceTitle "playchess.com"]
[Source "ChessBase"]
[SourceQuality "1"]
[TimeControl "40/5400+30:1800+30"]

1. e4 c5 2. Nf3 d6 3. d4 cxd4 4. Nxd4 Nf6 5. Nc3 a6 6. Be2 e5 7. Nb3 Be7 8. Be3 Be6 9. O-O O-O 10. Bf3 Qc7 11. Nd5 Nxd5 12. exd5 Bf5 13. Rc1 Nd7 14. c4 b6 15. Nd2 a5 16. b3 Nc5 17. a3 Bg6 18. Be2 f5 19. f4 Bf6 20. b4 axb4 21. axb4 Ra3 22. Bf2 Nd3 23. Nb1 Nxf2 24. Rxf2 Re3 25. fxe5 Rxe5 26. Nc3 Bg5 27. Nb5 Qe7 28. Nd4 Be3 29. Nc6 Bxf2+ 30. Kxf2 Qh4+ 31. Kg1 Re3 32. Qd4 Qxd4 33. Nxd4 Ra8 34. Bf1 Ra4 35. Nb5 Rxb4 36. Nxd6 f4 37. Ra1 h6 38. Ra8+ Kh7 39. Ra2 Bd3 40. Bxd3+ Rxd3 41. Rc2 Kg6 42. Kf2 Rdb3 43. Nc8 Rb2 44. Rxb2 Rxb2+ 45. Kf3 Kf5 46. Nd6+ Ke5 47. Nf7+ Kf6 48. Nd6 g5 49. Nc8 Ke5 50. h3 h5 51. Na7 Rb3+ 52. Kf2 Rc3 53. Nc8 b5 0-1

[Event "European Womens-ch 2025"]
[Site "Rhodes"]
[Date "2025.04.07"]
[Round "7.10"]
[White "Ushenina, Anna"]
[Black "Gevorgyan, Maria"]
[Result "1-0"]
[Annotator "RC"]
[ECO "A87"]
[WhiteElo "2428"]
[BlackElo "2234"]
[PlyCount "187"]
[EventDate "2025.03.29"]
[EventType "swiss"]
[EventCountry "GRE"]
[SourceTitle "playchess.com"]
[Source "ChessBase"]
[SourceQuality "1"]
[TimeControl "40/5400+30:1800+30"]

1. d4 f5 2. c4 g6 3. Nf3 Nf6 4. g3 Bg7 5. Bg2 O-O 6. O-O d6 7. Nc3 Qe8 8. Re1 Qf7 9. e4 Nxe4 10. Nxe4 fxe4 11. Rxe4 Bf5 12. Rh4 Qxc4 13. Bf1 Qc6 14. Qb3+ d5 15. Bf4 Bc2 16. Qe3 Qf6 17. Bg2 Nc6 18. Ng5 Rad8 19. Nxh7 Qxd4 20. Qe6+ Rf7 21. Ng5 Qf6 22. Bxd5 Rxd5 23. Qxd5 e6 24. Nxe6 Nb4 25. Qc4 Qxb2 26. Re1 Bd3 27. Qb3 Qxb3 28. axb3 Bc3 29. Rd1 Re7 30. Nc5 Bb5 31. Rd8+ Be8 32. Be3 Nc6 33. Rd3 Bf6 34. Rf4 Kg7 35. Nxb7 g5 36. Ra4 Ne5 37. Rd1 Nf3+ 38. Kg2 Bc6 39. Na5 Nh4+ 40. Kf1 Bxa4 41. bxa4 Nf5 42. Bxa7 Re4 43. Rd7+ Kg6 44. Rxc7 Rxa4 45. Nb3 Nd6 46. Rd7 Nb5 47. Be3 Ra3 48. Nd2 Ra4 49. Kg2 Nc3 50. Nf3 Ra2 51. h3 Ne4 52. Rb7 Nc3 53. Ra7 Rb2 54. Ra6 Ne4 55. Nxg5 Nxf2 56. Bxf2 Kxg5 57. Kf3 Rb3+ 58. Be3+ Kf5 59. Ra4 Bd8 60. Rf4+ Kg6 61. Re4 Kf5 62. g4+ Kg6 63. Re6+ Kf7 64. Re5 Bf6 65. Rf5 Ke6 66. Kf2 Bh4+ 67. Ke2 Rb2+ 68. Kd3 Rb3+ 69. Kd2 Be1+ 70. Ke2 Bh4 71. Rh5 Bf6 72. Ra5 Rb2+ 73. Kf3 Rb3 74. Ra6+ Ke5 75. Ra2 Ke6 76. Re2 Kd5 77. Kg2 Be5 78. Bf2 Rb4 79. Bg3 Bg7 80. Kf3 Rb3+ 81. Re3 Rb7 82. g5 Bd4 83. Re2 Rb1 84. h4 Rg1 85. h5 Bc3 86. h6 Rb1 87. Kg4 Rb7 88. Bf4 Ra7 89. g6 Rb7 90. Bg5 Ba1 91. Kf5 Kd6 92. Rd2+ Kc6 93. Ke6 Kb5 94. Be7 1-0

[Event "European Womens-ch 2025"]
[Site "Rhodes"]
[Date "2025.04.07"]
[Round "7.11"]
[White "Daulyte-Cornette, Deimante"]
[Black "Gaboyan, Susanna"]
[Result "1-0"]
[Annotator "RC"]
[ECO "B31"]
[WhiteElo "2389"]
[BlackElo "2200"]
[PlyCount "61"]
[EventDate "2025.03.29"]
[EventType "swiss"]
[EventCountry "GRE"]
[SourceTitle "playchess.com"]
[Source "ChessBase"]
[SourceQuality "1"]
[TimeControl "40/5400+30:1800+30"]

1. e4 c5 2. Nf3 Nc6 3. Bb5 g6 4. c3 Bg7 5. d4 cxd4 6. cxd4 Nf6 7. Nc3 d5 8. Ne5 Qd6 9. Nxc6 bxc6 10. e5 Qe6 11. Be2 Nd7 12. O-O O-O 13. f4 Rb8 14. f5 gxf5 15. Bd3 Nb6 16. Bxf5 Qxf5 17. Rxf5 Bxf5 18. Qf3 Bg6 19. h4 f6 20. e6 f5 21. h5 Be8 22. Ne2 Kh8 23. Bg5 Rb7 24. h6 Bf6 25. Qg3 Bg6 26. Bxf6+ Rxf6 27. Nf4 Nc4 28. b3 Nd6 29. Rc1 Ne4 30. Rxc6 Rb8 31. Nxg6+ 1-0

[Event "European Womens-ch 2025"]
[Site "Rhodes"]
[Date "2025.04.07"]
[Round "7.12"]
[White "Vega Gutierrez, Sabrina"]
[Black "Krasteva, Beloslava"]
[Result "1-0"]
[Annotator "RC"]
[ECO "B07"]
[WhiteElo "2380"]
[BlackElo "2257"]
[PlyCount "81"]
[EventDate "2025.03.29"]
[EventType "swiss"]
[EventCountry "GRE"]
[SourceTitle "playchess.com"]
[Source "ChessBase"]
[SourceQuality "1"]
[TimeControl "40/5400+30:1800+30"]

1. e4 d6 2. d4 Nf6 3. Nc3 e5 4. Nge2 c6 5. h3 b5 6. dxe5 dxe5 7. Qxd8+ Kxd8 8. Ng3 Be6 9. f4 Bd6 10. f5 Bc8 11. a4 b4 12. Nd1 Nbd7 13. a5 Nc5 14. Nf2 Ba6 15. Bxa6 Nxa6 16. Bg5 Be7 17. O-O-O+ Nd7 18. Bxe7+ Kxe7 19. f6+ gxf6 20. Nf5+ Kd8 21. Rd6 Kc7 22. Rhd1 Nac5 23. Ne7 Rhe8 24. Rxc6+ Kb8 25. Nd5 Re6 26. Nxb4 Rxc6 27. Nxc6+ Kc7 28. Ne7 h5 29. b4 Ne6 30. c3 Rh8 31. g3 Rh6 32. h4 Nb8 33. Rd3 Nd7 34. Nd1 Rh7 35. Ne3 Rg7 36. N3d5+ Kb8 37. Nf5 Rh7 38. Rf3 Nd8 39. Kb2 Rh8 40. Ng7 Rh6 41. Ne8 1-0

[Event "European Womens-ch 2025"]
[Site "Rhodes"]
[Date "2025.04.07"]
[Round "7.13"]
[White "Socko, Monika"]
[Black "Karacsonyi, Kata"]
[Result "1/2-1/2"]
[Annotator "RC"]
[ECO "E97"]
[WhiteElo "2369"]
[BlackElo "2198"]
[PlyCount "69"]
[EventDate "2025.03.29"]
[EventType "swiss"]
[EventCountry "GRE"]
[SourceTitle "playchess.com"]
[Source "ChessBase"]
[SourceQuality "1"]
[TimeControl "40/5400+30:1800+30"]

1. d4 Nf6 2. Nf3 g6 3. c4 Bg7 4. Nc3 O-O 5. e4 d6 6. Be2 e5 7. O-O Nc6 8. dxe5 dxe5 9. Bg5 Bg4 10. Qxd8 Nxd8 11. Bxf6 Bxf6 12. Nd5 Bxf3 13. gxf3 Kg7 14. Nxc7 Rc8 15. Nd5 Ne6 16. Rfc1 Bg5 17. Rc3 Nd4 18. Bf1 Bd2 19. Rd3 Rxc4 20. f4 f6 21. Rd1 Rc2 22. Kg2 Bc1 23. Rc3 Bxb2 24. Rxc2 Nxc2 25. Rb1 Ba3 26. Rxb7+ Rf7 27. Rb3 Bd6 28. Bc4 Nd4 29. Rd3 Rb7 30. Rd2 Rb1 31. fxe5 fxe5 32. Ne3 Bb4 33. Rd3 Rc1 34. Rd1 Rxd1 35. Nxd1 1/2-1/2

[Event "European Womens-ch 2025"]
[Site "Rhodes"]
[Date "2025.04.07"]
[Round "7.14"]
[White "Zherebtsova, Alexandra"]
[Black "Roebers, Eline"]
[Result "0-1"]
[Annotator "RC"]
[ECO "D05"]
[WhiteElo "2229"]
[BlackElo "2367"]
[PlyCount "78"]
[EventDate "2025.03.29"]
[EventType "swiss"]
[EventCountry "GRE"]
[SourceTitle "playchess.com"]
[Source "ChessBase"]
[SourceQuality "1"]
[TimeControl "40/5400+30:1800+30"]

1. Nf3 d5 2. b3 Nf6 3. Bb2 e6 4. e3 Bd6 5. d4 O-O 6. Bd3 Ne4 7. O-O Nd7 8. c4 f5 9. c5 Be7 10. b4 g5 11. Nfd2 Ndf6 12. f3 Nxd2 13. Nxd2 Bd7 14. e4 Nh5 15. g3 Qe8 16. Qe2 a6 17. a4 Ng7 18. b5 axb5 19. axb5 Rxa1 20. Rxa1 g4 21. exd5 exd5 22. Re1 Be6 23. f4 Bf6 24. Nb3 h5 25. Na5 Qc8 26. Qc2 Kf7 27. Bf1 c6 28. Bc3 h4 29. Rb1 hxg3 30. hxg3 Bd7 31. bxc6 bxc6 32. Rb7 Kg6 33. Be2 Re8 34. Bxg4 Re3 35. Bh3 Qe8 36. Kf2 Bh4 37. gxh4 Rxh3 38. Kf1 Nh5 39. Be1 Rh1+ 0-1

[Event "European Womens-ch 2025"]
[Site "Rhodes"]
[Date "2025.04.07"]
[Round "7.15"]
[White "Velikic, Adela"]
[Black "Kiolbasa, Oliwia"]
[Result "1/2-1/2"]
[Annotator "RC"]
[ECO "A22"]
[WhiteElo "2214"]
[BlackElo "2360"]
[PlyCount "113"]
[EventDate "2025.03.29"]
[EventType "swiss"]
[EventCountry "GRE"]
[SourceTitle "playchess.com"]
[Source "ChessBase"]
[SourceQuality "1"]
[TimeControl "40/5400+30:1800+30"]

1. c4 Nf6 2. Nc3 e5 3. g3 Bb4 4. Bg2 O-O 5. e4 d6 6. Nge2 a5 7. O-O Bc5 8. d4 exd4 9. Nxd4 Ng4 10. Na4 Qf6 11. Nxc5 dxc5 12. Nf5 Ne5 13. Ne3 Rd8 14. Nd5 Qd6 15. f4 Nxc4 16. Qc2 Nb6 17. e5 Qd7 18. Rd1 Nxd5 19. Bxd5 Qe7 20. Be3 Na6 21. Be4 Bg4 22. Rxd8+ Rxd8 23. a3 c6 24. Bxh7+ Kh8 25. Be4 Qe6 26. h3 Bxh3 27. Kf2 g6 28. Rd1 Rxd1 29. Qxd1 Qd7 30. Qe1 a4 31. Qc3 Kh7 32. Qc4 b5 33. Qc1 Bg4 34. Qh1+ Kg8 35. Bxc6 Qd3 36. Qe1 Nb8 37. Bg2 Nd7 38. Bf1 Qf5 39. Kg1 c4 40. Bg2 Nf8 41. Bc6 Qc2 42. Qd2 Qb3 43. Bf2 Ne6 44. Qc3 Qd1+ 45. Kg2 Qe2 46. Kg1 Bh3 47. Bb6 Bf5 48. Bf3 Qc2 49. Qxc2 Bxc2 50. Bd5 Bb3 51. Bxe6 fxe6 52. Ba5 Kf7 53. Kf2 Ke7 54. Ke3 Kd7 55. Kf3 Bd1+ 56. Ke4 Kc6 57. Kd4 1/2-1/2

[Event "European Womens-ch 2025"]
[Site "Rhodes"]
[Date "2025.04.07"]
[Round "7.16"]
[White "Mgeladze, Kesaria"]
[Black "Mammadova, Gulnar"]
[Result "0-1"]
[Annotator "RC"]
[ECO "B11"]
[WhiteElo "2200"]
[BlackElo "2342"]
[PlyCount "40"]
[EventDate "2025.03.29"]
[EventType "swiss"]
[EventCountry "GRE"]
[SourceTitle "playchess.com"]
[Source "ChessBase"]
[SourceQuality "1"]
[TimeControl "40/5400+30:1800+30"]

1. e4 c6 2. Nf3 d5 3. Nc3 Bg4 4. h3 Bxf3 5. Qxf3 e6 6. g3 d4 7. Nb1 h5 8. h4 Bb4 9. a3 Ba5 10. Bg2 Nd7 11. O-O Ne5 12. Qd1 d3 13. b4 Bb6 14. Bb2 Qd6 15. cxd3 Nxd3 16. Bxg7 Qxg3 17. Bxh8 Nxf2 18. Rxf2 Qxf2+ 19. Kh2 Qf4+ 20. Kh3 Bf2 0-1

[Event "European Womens-ch 2025"]
[Site "Rhodes"]
[Date "2025.04.07"]
[Round "7.17"]
[White "Khachatryan, Anna"]
[Black "Savina, Anastasia"]
[Result "1/2-1/2"]
[Annotator "RC"]
[ECO "E91"]
[WhiteElo "2091"]
[BlackElo "2331"]
[PlyCount "91"]
[EventDate "2025.03.29"]
[EventType "swiss"]
[EventCountry "GRE"]
[SourceTitle "playchess.com"]
[Source "ChessBase"]
[SourceQuality "1"]
[TimeControl "40/5400+30:1800+30"]

1. d4 Nf6 2. c4 g6 3. Nc3 Bg7 4. e4 d6 5. Nf3 O-O 6. Be2 e5 7. O-O h6 8. dxe5 dxe5 9. Qxd8 Rxd8 10. Nxe5 Nxe4 11. Nxe4 Bxe5 12. Bxh6 Nc6 13. Rad1 Bxb2 14. Bg5 Rxd1 15. Rxd1 Bf5 16. Bf6 Be5 17. Bxe5 Nxe5 18. Nf6+ Kg7 19. Nd5 Rd8 20. Nxc7 Rxd1+ 21. Bxd1 Nxc4 22. Bb3 Nd6 23. f3 Bd7 24. Kf2 a5 25. Bd5 Kf6 26. Ke3 Nf5+ 27. Kd3 Bc6 28. Bxc6 bxc6 29. Ke4 Ke7 30. g4 Ng7 31. f4 Kd6 32. Na8 f5+ 33. gxf5 gxf5+ 34. Ke3 Kc5 35. h4 a4 36. a3 Kc4 37. Nb6+ Kb3 38. Kd4 Kxa3 39. Kc5 Kb3 40. Nxa4 Kxa4 41. Kxc6 Nh5 42. Kd5 Kb5 43. Ke5 Ng3 44. h5 Nxh5 45. Kxf5 Nxf4 46. Kxf4 1/2-1/2

[Event "European Womens-ch 2025"]
[Site "Rhodes"]
[Date "2025.04.07"]
[Round "7.18"]
[White "Smietanska, Wiktoria"]
[Black "Wagner, Dinara"]
[Result "1-0"]
[Annotator "RC"]
[ECO "B90"]
[WhiteElo "2254"]
[BlackElo "2440"]
[PlyCount "103"]
[EventDate "2025.03.29"]
[EventType "swiss"]
[EventCountry "GRE"]
[SourceTitle "playchess.com"]
[Source "ChessBase"]
[SourceQuality "1"]
[TimeControl "40/5400+30:1800+30"]

1. e4 c5 2. Nf3 d6 3. d4 cxd4 4. Nxd4 Nf6 5. Nc3 a6 6. Be3 e5 7. Nb3 Be6 8. f3 Nbd7 9. Qd2 Qc7 10. g4 h6 11. O-O-O b5 12. Kb1 Nb6 13. Qf2 Rb8 14. g5 hxg5 15. Bxg5 b4 16. Ne2 a5 17. Ng3 a4 18. Bb5+ Nfd7 19. Nc1 a3 20. b3 d5 21. Nd3 d4 22. Bd2 Nc8 23. Bxd7+ Bxd7 24. f4 f6 25. fxe5 fxe5 26. Nf5 Ne7 27. Nxe7 Bxe7 28. Qg3 Bf6 29. Qg6+ Kd8 30. Nxb4 Be8 31. Qg3 Qd7 32. Nd5 Qh3 33. Ba5+ Kc8 34. Qf2 Qh4 35. Qe2 Bb5 36. c4 Bc6 37. Be1 Qh5 38. Qd3 Qh3 39. Bg3 Qg2 40. Qc2 Qxc2+ 41. Kxc2 Kd7 42. Rdf1 Rh6 43. Kd3 Rg6 44. Rf5 Ke6 45. Rh5 Rg5 46. Nxf6 gxf6 47. Rxg5 fxg5 48. Rf1 Re8 49. Rf5 Kd6 50. Rxg5 Rf8 51. Rxe5 Kd7 52. Kxd4 1-0

[Event "European Womens-ch 2025"]
[Site "Rhodes"]
[Date "2025.04.07"]
[Round "7.19"]
[White "Schneider, Jana"]
[Black "Kulon, Klaudia"]
[Result "1/2-1/2"]
[Annotator "RC"]
[ECO "B12"]
[WhiteElo "2251"]
[BlackElo "2401"]
[PlyCount "100"]
[EventDate "2025.03.29"]
[EventType "swiss"]
[EventCountry "GRE"]
[SourceTitle "playchess.com"]
[Source "ChessBase"]
[SourceQuality "1"]
[TimeControl "40/5400+30:1800+30"]

1. e4 c6 2. d4 d5 3. e5 Bf5 4. h4 h5 5. Bd3 Bxd3 6. Qxd3 Qa5+ 7. Nd2 e6 8. Ngf3 Ne7 9. O-O Nf5 10. c4 Qa6 11. Rd1 c5 12. dxc5 Nc6 13. Ne4 Nb4 14. Qd2 Qxc4 15. Nd6+ Bxd6 16. cxd6 Nc6 17. Qd3 Qxd3 18. Rxd3 Kd7 19. Bf4 Rhc8 20. Rc1 f6 21. Rb3 Na5 22. Rbc3 Rc6 23. Ne1 Rac8 24. Nd3 Rxc3 25. Rxc3 Rxc3 26. bxc3 b6 27. Bh2 Nxh4 28. exf6 gxf6 29. Nf4 e5 30. Nxd5 Ke6 31. Nc7+ Kxd6 32. Nb5+ Kc5 33. Nxa7 Nf5 34. a4 Nd6 35. f3 Nac4 36. Kf1 Ne3+ 37. Ke2 Nxg2 38. Bg1+ Kd5 39. Bxb6 h4 40. Kf1 Nf4 41. Be3 Ng6 42. Nb5 Nc4 43. Bc1 f5 44. Kg2 e4 45. fxe4+ Kxe4 46. Nd4 f4 47. Kh3 f3 48. Nxf3 Kxf3 49. Bg5 Nce5 50. a5 Nc6 1/2-1/2